 Dungeon Crawl Stone Soup version 0.27.1-1-g398f81649c (webtiles) character file.

Game seed: 1338977796297671134

905 pbellow the Cleaver (level 8, 0/71 HPs)
             Began as a Hill Orc Fighter on Sept 11, 2021.
             Slain by a sky beast (1 damage)
             ... on level 4 of the Dungeon.
             The game lasted 00:11:01 (4651 turns).

pbellow the Cleaver (Hill Orc Fighter)              Turns: 4651, Time: 00:11:02

Health: 0/71       AC: 13    Str: 21    XL:     8   Next: 8%
Magic:  8/8        EV:  4    Int:  8    God:
Gold:   1485       SH:  9    Dex: 10    Spells: 7/7 levels left

rFire    . . .     SeeInvis .   a - +1 war axe (vamp)
rCold    . . .     Faith    .   c - +0 kite shield
rNeg     . . .     Spirit   .   o - +2 plate armour
rPois    .         Reflect  .   (no helmet)
rElec    .         Harm     .   (no cloak)
rCorr    .         Rampage  .   (no gloves)
Will     .....                  (no boots)
Stlth    ..........             (no amulet)
HPRegen  0.21/turn              (no ring)
MPRegen  0.11/turn              (no ring)

@: lethally poisoned (0 -> -4), about to teleport, studying Axes
A: no striking features
a: no special abilities


You were on level 4 of the Dungeon.
You visited 1 branch of the dungeon, and saw 5 of its levels.

You collected 1485 gold pieces.

Inventory:

Hand Weapons
 a - a +1 vampiric war axe (weapon)
Armour
 b - a +0 scale mail
 c - a +0 kite shield (worn)
 o - a +2 plate armour (worn)
Magical Staves
 k - a staff of poison
Jewellery
 f - a ring of magical power
 n - a ring of flight
Wands
 i - a wand of acid (8)
 s - a wand of paralysis (4)
Scrolls
 j - a scroll of silence
 l - 2 scrolls of teleportation
 p - 2 scrolls of fear {unknown}
 r - 2 scrolls of identify
Potions
 d - a potion of might
 e - a potion of attraction
 g - a potion of mutation {unknown}
 h - a potion of heal wounds
 m - a potion of haste {unknown}
 q - 2 potions of cancellation {unknown}


   Skills:
 + Level 6.9 Fighting
 * Level 12.7 Axes
 - Level 3.6 Armour
 - Level 0.2 Dodging
 - Level 3.6 Shields


You had 7 spell levels left.
You didn't know any spells.
Your spell library was empty.

Dungeon Overview and Level Annotations

Branches:
Dungeon (5/15)
 Temple: D:4-7

Altars:
Hepliaklqana
Nemelex Xobeh
Sif Muna
Vehumet
Xom


Message History

The water moccasin bites you.
Your Axes skill increases to level 12!
You closely miss the water moccasin.
The water moccasin is almost dead.
You miss something. You block the water moccasin's attack. Something hits you.
Something shocks you.
Deactivating autopickup; reactivate with Ctrl-A.
The water moccasin bites you.
You hit the water moccasin but do no damage.
The water moccasin is almost dead.
You closely miss something. The water moccasin bites you.
You are poisoned.
The water moccasin poisons you! Something hits you but does no damage.
You block the water moccasin's attack.
Your shield and plate armour prevent you from hitting the water moccasin.
The water moccasin is almost dead.
You barely miss something.
You feel very sick. You block the water moccasin's attack.
Something hits you but does no damage.
Your shield and plate armour prevent you from hitting the water moccasin.
The water moccasin is almost dead.
You closely miss something.
You feel sick. You block the water moccasin's attack.
Something hits you but does no damage.
The water moccasin bites you but does no damage.
You slash the water moccasin!
You kill the water moccasin!
You miss something.
You feel sick. Something hits you.
* * * LOW HITPOINT WARNING * * *
Something shocks you.
* * * LOW HITPOINT WARNING * * *
Something hits you.
* * * LOW HITPOINT WARNING * * *
Something shocks you.
* * * LOW HITPOINT WARNING * * *
You have reached level 8!
As you read the scroll of teleportation, it crumbles to dust.
You feel strangely unstable.
* * * LOW HITPOINT WARNING * * *
You feel sick. Something hits you.
You die...

.).........#######.#.#
.................#.#.#
...........####.##.#.#
............###.##.#.####
..#########.#......#....#
#........<#.#.#.####..#.#
###########.#.#....#..#.#
............#.####.#..#.#
................@#.#..#.#
.#..........#.#{##.#..#.#
.#...............#.#..#.#
.##########.#.####.#..#.###
.# #.#......#......#
.##########.#########.#####
........................#
..#########.#########.#.#
..#.......#.# #....#.#


There were no monsters in sight!

Vanquished Creatures
  Grinder (D:3)
  A water moccasin (D:4)
  2 black bears (D:4)
  An ogre (D:4)
  A kobold brigand (D:3)
  4 crimson imps (D:4)
  An iguana (D:4)
  3 adders
  3 worms
  3 dart slugs
  6 orcs
  10 endoplasms
  4 giant cockroaches
  7 goblins
  4 hobgoblins
  4 jackals
  2 kobolds
  4 quokkas
  5 ball pythons
  5 bats
  8 frilled lizards
  5 rats
84 creatures vanquished.

Notes
Turn   | Place    | Note
-------+----------+-------------------------------------------
     0 | D:1      | pbellow the Hill Orc Fighter began the quest for the Orb.
     0 | D:1      | Reached XP level 1. HP: 19/19 MP: 1/1
   225 | D:1      | Reached XP level 2. HP: 22/27 MP: 2/2
   427 | D:1      | Found a faded altar of an unknown god.
   716 | D:1      | Reached skill level 3 in Axes
  1235 | D:2      | Identified a scroll of acquirement
  1235 | D:2      | Acquired a manual of Axes
  1291 | D:2      | Reached XP level 3. HP: 33/33 MP: 3/3
  1537 | D:2      | Reached skill level 4 in Axes
  1817 | D:2      | Reached XP level 4. HP: 40/40 MP: 4/4
  2052 | D:2      | Reached skill level 5 in Axes
  2476 | D:3      | Noticed a kobold brigand
  2499 | D:3      | Killed a kobold brigand
  2500 | D:3      | Reached skill level 7 in Axes
  2500 | D:3      | Reached XP level 5. HP: 36/47 MP: 5/5
  3099 | D:3      | Found a sparkling altar of Nemelex Xobeh.
  3124 | D:3      | Noticed Grinder
  3138 | D:3      | HP: 1/47 [Grinder (5)]
  3141 | D:3      | Killed Grinder
  3142 | D:3      | Reached skill level 5 in Fighting
  3142 | D:3      | Reached skill level 9 in Axes
  3142 | D:3      | Reached XP level 6. HP: 49/56 MP: 6/6
  3147 | D:3      | Acquired 728 gold pieces
  3148 | D:3      | Acquired 618 gold pieces
  3355 | D:3      | Found a shimmering blue altar of Sif Muna.
  3477 | D:3      | Found a radiant altar of Vehumet.
  3585 | D:4      | Noticed a black bear
  3592 | D:4      | Killed a black bear
  3593 | D:4      | Reached skill level 10 in Axes
  3593 | D:4      | Reached XP level 7. HP: 62/62 MP: 7/7
  3871 | D:4      | Found a shimmering altar of Xom.
  3951 | D:4      | Reached skill level 11 in Axes
  4025 | D:4      | Found a hazy altar of Hepliaklqana.
  4630 | D:5      | Entered Level 5 of the Dungeon
  4646 | D:4      | Reached skill level 12 in Axes
  4650 | D:4      | HP: 1/64 [something (5)]
  4651 | D:4      | Reached XP level 8. HP: 1/71 MP: 8/8
  4651 | D:4      | Slain by a sky beast

Illustrated notes

Levels and vault maps discovered:
D:1:      noname_arrival_rooms_in_the_neighbourhood, layout_basic,
          shapermc_ecumenical_altar_pompeii
D:2:      kennysheep_six_static_rooms, layout_basic, kennysheep_generic_room_15
D:3:      layout_loops_corners, lemuel_coloured_pillars_altar,
          nemelex_dance_club_becter, mainiacjoe_overflow_alcove_4, uniq_grinder
D:4:      layout_basic, led_xom_imps, nicolae_hepliaklqana_hippocampus
D:5:      layout_basic, uniq_blork_the_orc

Skill      XL: |  1  2  3  4  5  6  7 |
---------------+----------------------+-----
Fighting       | 4 5 6 |  6.9
Axes           | 3 4 7 9 10 12 | 12.7
Armour         | |  3.6
Dodging        | |  0.2
Shields        | |  3.6

Action                   |  1- 3 |  4- 6 |  7- 9 || total
-------------------------+-------+-------+-------++-------
Melee: War axe           |   103 |    90 |    72 ||   265
  Use: Scroll            |     5 |     7 |     1 ||    13
       Potion            |       |     3 |       ||     3
Armor: Scale mail        |    51 |     3 |       ||    54
       Plate armour      |       |    51 |    50 ||   101
Dodge: Dodged            |    37 |    12 |    10 ||    59
Block: Kite shield       |    63 |    33 |    30 ||   126
